Map: Nightshade LE

Players

antagomiR

  • Race: Protoss Protoss
  • League: Gold
  • Spawn Location: 5:00

OrganicOwl - Winner!

  • Race: Protoss Protoss
  • League: Gold
  • Spawn Location: 11:00

VOD

Have the link to the VOD?

Description

Time

  • Played on: April 16, 2020, 1:47 a.m.
  • Length: 18:13
Show
View Real Time Build Order
Export as new Build Order

antagomiR Protoss 

Build Orders:  

Get SALT Encoding   

  12  0:01  Probe  
  13  0:13  Probe  
  14  0:21  Pylon  
  14  0:25  Probe  
  15  0:39  Probe (Chrono Boost)  
  15  0:40  Gateway  
  17  0:51  Probe (Chrono Boost), Assimilator  
  17  1:03  Probe  
  18  1:06  Assimilator  
  18  1:28  Cybernetics Core  
  18  1:33  Probe  
  19  1:53  Probe  
  20  1:58  Nexus  
  20  2:04  Pylon  
  20  2:08  Probe  
  21  2:09  Warp Gate (Chrono Boost)  
  21  2:22  Adept  
  23  2:29  Probe  
  24  2:42  Robotics Facility  
  24  2:44  Probe  
  25  2:56  Probe  
  26  3:01  Stalker  
  28  3:08  Probe  
  28  3:10  Probe  
  29  3:25  Gateway  
  29  3:31  Pylon  
  29  3:35  Sentry  
  29  3:38  Probe  
  32  3:47  Gateway  
  31  4:00  Observer  
  30  4:15  Probe x2  
  31  4:21  Immortal  
  31  4:23  Stalker  
  37  4:27  Probe x2  
  39  4:39  Probe  
  39  4:40  Probe  
  41  4:49  Stalker  
  41  4:50  Sentry  
  41  4:51  Probe  
  41  4:52  Probe  
  47  5:01  Observer  
  47  5:03  Probe  
  47  5:04  Probe  
  50  5:07  Pylon  
  50  5:16  Probe x2  
  52  5:27  Immortal  
  55  5:41  Forge  
  55  5:42  Probe x2  
  57  5:50  Twilight Council  
  57  5:54  Probe x2  
  57  5:56  Stalker  
  61  6:04  Assimilator  
  61  6:07  Observer  
  62  6:23  Observer  
  62  6:25  Pylon  
  62  6:27  Protoss Ground Weapons Level 1 (Chrono Boost)  
  62  6:29  Pylon  
  62  6:43  Probe x2, Immortal  
  68  6:54  Stalker x3  
  72  6:55  Probe x2  
  76  7:07  Probe x2  
  78  7:12  Photon Cannon  
  78  7:15  Shield Battery  
  78  7:17  Shield Battery  
  78  7:19  Photon Cannon  
  78  7:26  Assimilator  
  78  7:34  Pylon  
  78  7:38  Nexus  
  78  7:52  Probe x2, Immortal  
  84  8:02  Stalker  
  86  8:21  Pylon  
  86  8:23  Pylon  
  86  8:25  Charge (Chrono Boost)  
  86  8:35  Photon Cannon  
  86  8:37  Photon Cannon  
  86  8:39  Probe x2, Immortal  
  92  8:51  Probe x3  
  95  8:56  Shield Battery  
  95  8:59  Photon Cannon  
  95  9:03  Probe x3  
  95  9:04  Zealot  
  100  9:11  Protoss Ground Weapons Level 2 (Chrono Boost), Gateway  
  100  9:13  Gateway  
  100  9:15  Probe, Gateway  
  100  9:16  Probe  
  102  9:17  Gateway  
  102  9:33  Immortal  
  102  9:37  Zealot x3  
  112  9:44  Templar Archives  
  112  9:55  Dark Shrine  
  112  9:57  Probe x3  
  115  10:02  Photon Cannon  
  115  10:03  Assimilator  
  115  10:07  Assimilator  
  115  10:09  Probe x2  
  117  10:16  Pylon  
  117  10:20  Pylon  
  117  10:22  Pylon  
  117  10:24  Pylon  
  117  10:27  Pylon  
  117  10:34  Probe x2  
  117  10:35  Observer  
  120  10:42  Zealot x2  
  122  10:43  Zealot x4  
  122  10:44  Zealot  
  134  10:56  Immortal  
  138  11:01  Probe x2  
  138  11:03  Probe  
  141  11:08  Dark Templar x2  
  141  11:09  Dark Templar x4  
  141  11:10  Dark Templar  
  155  11:13  Probe x2  
  157  11:25  Photon Cannon  
  155  12:26  Pylon  
  155  12:28  Pylon  
  143  13:09  Immortal  
  146  13:30  Nexus  
  146  13:32  Gateway  
  146  13:33  Gateway, Pylon  
  146  13:36  Gateway, Pylon  
  146  13:39  Gateway  
  146  13:40  Gateway  
  146  13:43  Gateway  
  145  13:49  Immortal  
  145  14:01  Zealot x2  
  145  14:02  Zealot x4  
  131  14:03  Zealot  
  64  14:28  Observer  
  47  14:32  Zealot x3  
  47  14:33  Zealot x4  
  47  14:34  Zealot  
  62  14:49  Warp Prism  
  36  15:11  Photon Cannon  
  29  15:15  Stalker  
  29  15:16  Stalker x5  
  29  15:17  Stalker  
  29  15:18  Stalker x2  
  29  15:19  Stalker x4  
  55  15:25  Immortal  
  43  15:54  Zealot x6  
  43  15:55  Zealot x5  
  28  16:20  Zealot  
  28  16:21  Zealot x5  
  28  16:22  Zealot  
  24  16:42  Zealot x4  
  24  16:43  Zealot x3  
  22  17:01  Assimilator  
  13  17:03  Assimilator  
  13  17:07  Probe  
  11  17:12  Zealot x2  
  11  17:13  Zealot  
  10  17:19  Probe  
  11  17:23  Gateway  
  11  17:25  Gateway  
  11  17:27  Gateway  
  11  17:29  Gateway  
  11  17:31  Probe  
  12  17:43  Probe  
  13  17:55  Probe  
Show
View Real Time Build Order
Export as new Build Order

OrganicOwl Protoss - Winner!

Build Orders: Chargelot Immortal 

Get SALT Encoding   

  12  0:01  Probe  
  13  0:17  Pylon  
  13  0:18  Probe  
  14  0:37  Probe (Chrono Boost), Gateway  
  15  0:49  Probe (Chrono Boost)  
  16  0:55  Probe (Chrono Boost)  
  17  1:03  Probe  
  17  1:08  Pylon  
  18  1:14  Assimilator  
  18  1:16  Probe  
  19  1:28  Probe  
  20  1:34  Cybernetics Core  
  20  1:44  Probe  
  21  2:00  Nexus  
  21  2:03  Pylon  
  21  2:06  Probe  
  22  2:08  Adept (Chrono Boost)  
  22  2:12  Warp Gate  
  24  2:25  Assimilator  
  24  2:26  Probe  
  24  2:27  Gateway  
  25  2:31  Adept  
  27  2:38  Probe  
  28  2:59  Robotics Facility  
  28  3:00  Probe  
  28  3:02  Pylon  
  28  3:05  Stalker  
  31  3:15  Probe  
  31  3:17  Probe  
  33  3:22  Stalker  
  35  3:27  Probe  
  35  3:29  Probe  
  37  3:44  Probe x2  
  37  3:46  Gateway  
  39  4:18  Stalker x2  
  39  4:19  Probe x2  
  39  4:21  Observer  
  46  4:29  Twilight Council  
  46  4:32  Probe  
  46  4:33  Pylon  
  46  4:36  Probe, Gateway x2  
  48  4:42  Warp Prism (Chrono Boost)  
  50  4:48  Pylon  
  50  4:49  Probe x2  
  50  4:51  Gateway  
  52  5:02  Probe x2  
  52  5:05  Stalker x2  
  58  5:08  Blink (Chrono Boost)  
  58  5:14  Assimilator  
  58  5:17  Observer (Chrono Boost)  
  59  5:35  Stalker  
  59  5:36  Stalker  
  63  5:48  Pylon  
  63  5:49  Pylon  
  63  5:57  Robotics Facility  
  63  5:59  Gateway  
  63  6:00  Gateway  
  63  6:06  Zealot x5  
  63  6:11  Probe x2  
  74  6:14  Assimilator  
  74  6:15  Zealot  
  77  6:23  Probe  
  78  6:30  Probe  
  79  6:34  Zealot x3  
  79  6:35  Zealot x2  
  89  6:43  Pylon  
  89  6:46  Pylon  
  89  6:50  Forge  
  89  7:01  Charge  
  89  7:08  Probe x2  
  91  7:17  Nexus  
  91  7:19  Pylon  
  91  7:31  Zealot x3  
  91  7:32  Zealot x5  
  105  7:47  Protoss Ground Weapons Level 1  
  105  7:48  Pylon  
  105  7:49  Forge  
  99  7:53  Immortal (Chrono Boost)  
  97  8:02  Immortal (Chrono Boost)  
  97  8:04  Probe x2  
  103  8:12  Stalker x2  
  107  8:22  Protoss Ground Armor Level 1  
  107  8:29  Immortal (Chrono Boost)  
  111  8:35  Probe x3  
  114  8:47  Probe  
  115  8:54  Zealot x3  
  115  8:55  Zealot x2  
  125  9:05  Stalker x3  
  125  9:07  Probe  
  132  9:14  Assimilator  
  132  9:23  Pylon  
  132  9:24  Stalker x2  
  132  9:25  Probe x2  
  132  9:28  Pylon  
  138  9:36  Stargate  
  138  9:41  Immortal  
  142  9:45  Pylon  
  142  9:48  Pylon  
  142  9:51  Shield Battery  
  142  9:52  Probe x2, Pylon  
  144  9:53  Probe  
  144  9:56  Assimilator  
  144  9:59  Protoss Shields Level 1  
  145  10:21  Oracle  
  148  10:29  Robotics Bay  
  148  10:31  Nexus  
  148  10:32  Pylon  
  148  10:33  Pylon  
  148  10:34  Protoss Ground Weapons Level 2  
  148  10:36  Stalker x2  
  148  10:37  Stalker  
  154  11:04  Zealot  
  154  11:05  Zealot x3  
  154  11:06  Colossus x2  
  154  11:07  Probe  
  154  11:08  Probe  
  164  11:15  Extended Thermal Lance (Chrono Boost)  
  176  11:29  Observer  
  164  12:00  Disruptor (Chrono Boost)  
  164  12:02  Disruptor (Chrono Boost)  
  163  12:19  Probe x2  
  163  12:20  Probe  
  137  12:34  Observer (Chrono Boost)  
  133  12:40  Observer (Chrono Boost)  
  133  12:43  Probe  
  130  12:46  Colossus  
  130  12:48  Gravitic Boosters  
  136  12:55  Probe  
  137  13:00  Probe x2  
  137  13:01  Probe  
  140  13:08  Probe  
  140  13:11  Zealot x2  
  140  13:12  Probe x2, Zealot x2  
  151  13:13  Probe  
  152  13:20  Probe  
  152  13:24  Probe  
  152  13:25  Probe x2  
  156  13:32  Probe  
  157  13:36  Probe  
  157  13:37  Probe x2  
  160  13:46  Gravitic Drive  
  128  14:09  Probe  
  111  14:10  Probe  
  111  14:11  Probe x2  
  103  14:21  Probe  
  103  14:22  Probe  
  103  14:23  Probe  
  103  14:24  Probe  
  92  14:28  Pylon  
  92  14:33  Probe  
  92  14:35  Probe  
  92  14:36  Probe x2  
  96  14:45  Probe  
  97  14:49  Stalker x2  
  97  14:50  Stalker  
  89  15:07  Zealot x4  
  89  15:08  Zealot  
  89  15:11  Probe x3  
  100  15:20  Stalker x3  
  106  15:25  Protoss Ground Armor Level 2  
  106  15:34  Zealot x5  
  108  16:03  Zealot x6  
  108  16:04  Zealot x2  
  92  16:25  Zealot x7  
  98  16:53  Zealot x2  
  98  16:54  Zealot x5  
  110  17:03  Stalker  
  112  17:09  Probe  
  112  17:10  Probe x3  
  116  17:22  Probe x2  
  118  17:38  Probe x3  
Tags
 
League
GoldGold
Matchup
PvP
Replay Pack
20200422
Spawn Locations
Cross Positions
Add a new tag
Caveats
  • Supply blocks, unpowered buildings, or Contaminate may cause inaccurate times.
  • Supply counts are checked every 10 seconds.